Map: Abyssal Reef LE

Players

LiquidMaNa (MaNa) - Winner!

  • Race: Protoss Protoss
  • League: Master
  • Spawn Location: 11:00

aLive

  • Race: Terran Terran
  • Spawn Location: 5:00

Event: HomeStory Cup XVI

VOD

Have the link to the VOD?

Description

Time

  • Played on: Nov. 11, 2017, 7:39 a.m.
  • Length: 17:10

All games in this series

Show
View Real Time Build Order
Export as new Build Order

LiquidMaNa Protoss - Winner!

Build Orders: Oracle Opening 

Get SALT Encoding   

  12  0:02  Probe (Chrono Boost)  
  14  0:14  Probe (Chrono Boost)  
  14  0:17  Pylon  
  14  0:26  Probe (Chrono Boost)  
  15  0:32  Probe (Chrono Boost)  
  15  0:37  Gateway  
  15  0:40  Probe (Chrono Boost)  
  17  0:46  Assimilator  
  17  0:52  Probe (Chrono Boost)  
  17  0:54  Assimilator  
  18  1:02  Probe (Chrono Boost)  
  19  1:08  Probe (Chrono Boost)  
  21  1:19  Probe (Chrono Boost)  
  21  1:24  Cybernetics Core  
  21  1:31  Probe (Chrono Boost)  
  21  1:32  Pylon  
  22  1:43  Probe (Chrono Boost)  
  23  1:56  Nexus  
  23  2:02  Stargate  
  25  2:08  Adept  
  25  2:13  Probe (Chrono Boost)  
  26  2:16  Warp Gate  
  26  2:25  Probe (Chrono Boost)  
  26  2:27  Pylon  
  27  2:36  Adept  
  29  2:37  Oracle, Probe (Chrono Boost)  
  29  2:49  Probe (Chrono Boost)  
  33  3:01  Probe (Chrono Boost)  
  33  3:03  Adept  
  36  3:10  Probe (Chrono Boost)  
  38  3:13  Probe (Chrono Boost)  
  38  3:15  Oracle  
  38  3:17  Probe (Chrono Boost)  
  38  3:19  Probe (Chrono Boost)  
  41  3:24  Probe (Chrono Boost)  
  43  3:28  Probe (Chrono Boost), Pylon  
  45  3:36  Probe (Chrono Boost)  
  45  3:40  Probe (Chrono Boost)  
  47  3:48  Probe (Chrono Boost)  
  48  3:52  Probe (Chrono Boost)  
  47  4:00  Probe (Chrono Boost)  
  49  4:04  Gateway, Probe (Chrono Boost)  
  49  4:06  Gateway  
  49  4:12  Probe (Chrono Boost)  
  49  4:16  Probe (Chrono Boost)  
  51  4:21  Sentry  
  54  4:24  Probe (Chrono Boost), Pylon  
  54  4:44  Probe x2 (Chrono Boost)  
  56  4:46  Nexus  
  56  4:48  Pylon  
  56  4:53  Twilight Council  
  56  4:54  Forge  
  56  4:56  Probe x2 (Chrono Boost)  
  56  4:58  Assimilator x2  
  57  5:00  Stalker  
  58  5:07  Stalker  
  58  5:08  Probe x2 (Chrono Boost)  
  58  5:09  Blink  
  60  5:18  Stalker  
  60  5:19  Protoss Ground Weapons Level 1  
  60  5:20  Probe x2 (Chrono Boost)  
  63  5:25  Stalker  
  65  5:37  Probe x2 (Chrono Boost)  
  65  5:41  Stalker x2  
  66  5:53  Stalker, Probe (Chrono Boost)  
  66  6:05  Shield Battery, Probe (Chrono Boost)  
  66  6:09  Stalker  
  66  6:10  Stalker  
  69  6:17  Shield Battery  
  69  6:18  Probe x2 (Chrono Boost)  
  72  6:20  Probe (Chrono Boost)  
  72  6:25  Stalker  
  71  6:32  Probe (Chrono Boost)  
  69  6:33  Probe x2 (Chrono Boost)  
  69  6:36  Stalker x2  
  73  6:44  Probe (Chrono Boost)  
  73  6:45  Probe x2 (Chrono Boost)  
  75  6:55  Stalker, Protoss Ground Armor Level 1, Charge  
  75  6:57  Probe x3 (Chrono Boost)  
  75  7:00  Stalker  
  82  7:01  Stalker  
  82  7:03  Probe (Chrono Boost)  
  85  7:11  Pylon  
  85  7:12  Pylon  
  85  7:26  Gateway  
  85  7:29  Gateway x2  
  86  7:31  Probe (Chrono Boost)  
  86  7:34  Probe x2 (Chrono Boost)  
  86  7:35  Sentry x2  
  92  7:43  Probe (Chrono Boost)  
  93  7:46  Probe x2 (Chrono Boost)  
  93  7:55  Probe (Chrono Boost)  
  93  7:57  Zealot  
  97  7:58  Probe (Chrono Boost)  
  97  8:00  Gateway  
  97  8:02  Gateway  
  97  8:04  Zealot x2, Pylon  
  101  8:09  Photon Cannon  
  101  8:13  Pylon  
  101  8:16  Pylon  
  101  8:18  Shield Battery  
  101  8:19  Shield Battery  
  101  8:24  Zealot, Probe x3 (Chrono Boost)  
  101  8:25  Zealot  
  108  8:31  Pylon  
  108  8:32  Zealot  
  110  8:36  Pylon  
  110  8:38  Probe x3 (Chrono Boost)  
  113  8:42  Pylon  
  115  8:49  Robotics Facility  
  115  8:50  Probe x2 (Chrono Boost)  
  115  8:54  Zealot x6  
  129  9:03  Probe x3 (Chrono Boost)  
  125  9:14  Zealot x6  
  125  9:15  Zealot  
  137  9:23  Pylon  
  134  9:40  Protoss Ground Armor Level 2  
  134  9:47  Pylon  
  134  9:52  Pylon x2  
  134  9:54  Pylon  
  134  10:01  Photon Cannon  
  134  10:05  Stalker x3, Observer  
  120  10:25  Stalker  
  102  10:31  Zealot x3  
  102  10:34  Zealot x4  
  116  10:42  Probe x3 (Chrono Boost)  
  119  10:49  Robotics Bay  
  119  10:50  Robotics Facility  
  119  10:52  Immortal  
  119  10:54  Probe (Chrono Boost)  
  119  10:55  Zealot x5  
  134  11:04  Stalker x3  
  132  11:23  Zealot x5  
  140  11:30  Colossus  
  132  11:35  Zealot x3, Probe (Chrono Boost)  
  132  11:39  Nexus  
  113  11:48  Zealot x3, Colossus  
  116  12:00  Sentry x2  
  132  12:21  Extended Thermal Lance  
  126  12:28  Pylon  
  126  12:34  Colossus  
  132  12:46  Observer  
  132  12:50  Nexus  
  132  12:57  Colossus  
  133  13:00  Shield Battery  
  133  13:01  Shield Battery  
  133  13:06  Protoss Ground Weapons Level 2  
  133  13:07  Shield Battery  
  139  13:13  Shield Battery  
  139  13:16  Zealot  
  139  13:26  Stalker x2  
  143  13:35  Colossus  
  149  13:53  Colossus  
  155  13:59  Stalker x3  
  155  14:08  Probe (Chrono Boost)  
  155  14:09  Probe x2 (Chrono Boost)  
  158  14:14  Stalker x3  
  132  14:26  Colossus  
  92  14:42  Sentry x2  
  96  14:46  Stalker x2  
  100  14:54  Stalker x2  
  100  14:59  Stalker  
  106  15:02  Pylon  
  106  15:04  Zealot  
  108  15:08  Zealot x2  
  112  15:19  Observer  
  110  15:22  Colossus  
  108  15:32  Warp Prism  
  106  15:39  Stalker x3, Zealot x4  
  106  15:40  Zealot  
  128  15:52  Probe (Chrono Boost)  
  128  15:53  Probe x2 (Chrono Boost)  
  131  16:13  Stalker x5  
  139  16:20  Zealot x3  
  141  16:44  Nexus  
  111  17:02  Zealot x2, Sentry x2  
Show
View Real Time Build Order
Export as new Build Order

aLive Terran 

Build Orders: Cyclone Opening, Gas First Reaper Expand, Reaper Expand, MMM Bio 

Get SALT Encoding   

  12  0:00  SCV  
  13  0:12  SCV  
  14  0:17  Supply Depot  
  14  0:25  SCV  
  15  0:28  Refinery  
  15  0:38  SCV  
  16  0:44  Barracks  
  16  0:50  SCV  
  17  1:02  SCV  
  18  1:14  SCV  
  19  1:31  Reaper, Orbital Command  
  20  1:44  Command Center  
  20  1:56  Factory  
  20  2:00  SCV  
  21  2:06  Barracks Reactor  
  21  2:13  Supply Depot, SCV  
  22  2:20  Refinery  
  22  2:26  SCV  
  23  2:38  SCV  
  23  2:42  Cyclone  
  23  2:43  Marine x2  
  29  2:50  SCV  
  30  2:58  Orbital Command  
  30  3:02  Starport  
  30  3:05  Marine  
  31  3:08  Marine  
  31  3:12  SCV  
  33  3:20  Cyclone  
  33  3:24  Marine  
  33  3:26  Marine  
  38  3:34  SCV x2  
  38  3:40  Liberator  
  40  3:45  Supply Depot  
  40  3:54  Marine x2  
  39  4:00  Barracks  
  42  4:02  Barracks  
  42  4:09  Cyclone  
  45  4:13  SCV x2  
  45  4:23  Marine  
  45  4:24  Marine  
  45  4:26  SCV x2  
  47  4:34  Supply Depot  
  45  4:38  Liberator, SCV x2  
  45  4:41  Marine x2  
  48  4:50  SCV x2, Barracks Tech Lab  
  53  5:04  SCV x2, Engineering Bay  
  55  5:10  Stimpack  
  55  5:17  SCV x2  
  55  5:18  Supply Depot  
  55  5:21  Marine x3  
  58  5:23  Marine  
  60  5:29  SCV x2  
  57  5:38  Terran Infantry Weapons Level 1  
  57  5:39  Missile Turret  
  57  5:40  Supply Depot  
  57  5:41  Barracks Tech Lab  
  57  5:45  SCV x2  
  57  5:47  Refinery  
  57  5:48  Marine x2  
  61  5:56  Marine  
  62  6:03  Supply Depot  
  59  6:05  SCV  
  59  6:06  SCV, Marine x2  
  59  6:08  Combat Shields  
  63  6:16  Marine x2  
  65  6:21  Command Center  
  65  6:24  SCV x2  
  64  6:26  Factory Tech Lab  
  63  6:37  SCV x2  
  55  6:40  Marine x2  
  55  6:41  Marauder x2  
  55  6:44  Supply Depot  
  61  6:54  Barracks  
  61  6:57  Siege Tank  
  61  7:00  Barracks  
  64  7:03  Supply Depot  
  64  7:06  Marauder x2  
  64  7:07  SCV x2  
  70  7:14  Concussive Shells, Barracks Reactor  
  70  7:21  SCV x2  
  72  7:22  Refinery  
  72  7:24  Medivac x2  
  72  7:26  Supply Depot  
  72  7:29  Siege Tank  
  79  7:30  Marauder x2  
  79  7:36  Terran Infantry Armor Level 1  
  83  7:39  SCV x2  
  85  7:52  Barracks Reactor  
  85  7:53  Marine x2  
  85  7:54  Marauder x2  
  85  7:55  Supply Depot  
  91  8:11  Factory Reactor  
  91  8:12  Medivac x2  
  95  8:13  Command Center  
  95  8:15  Marine x2  
  95  8:19  Marauder x2  
  101  8:21  Marauder  
  103  8:29  Marine x2  
  103  8:30  Supply Depot  
  105  8:34  Marine x2  
  105  8:40  Marauder x2  
  111  8:42  Marauder  
  111  8:46  Liberator x2  
  112  8:53  Marine  
  112  8:54  Marine x3  
  116  9:01  Marauder  
  116  9:02  Marauder  
  120  9:09  Supply Depot x2  
  126  9:11  Marauder  
  125  9:23  Widow Mine x2  
  119  9:31  Marine x3  
  119  9:32  Marauder x3, Marine  
  119  9:35  Liberator x2  
  126  9:41  Orbital Command  
  126  9:44  SCV x2  
  126  9:45  Armory  
  134  10:00  Marine x4  
  138  10:07  Widow Mine x2  
  123  10:27  Marine x3  
  123  10:28  Marauder x2, Marine  
  127  10:29  Marauder  
  127  10:35  Medivac x2  
  123  10:43  SCV x2  
  123  10:46  Terran Infantry Weapons Level 2  
  123  10:48  Widow Mine x2  
  129  10:51  Marine x4  
  129  10:54  Missile Turret  
  133  11:09  Marine  
  133  11:10  Marauder, Marine x3  
  133  11:11  Marauder x2  
  136  11:23  Widow Mine x2  
  136  11:24  Medivac x2  
  135  11:27  SCV x3, Marine x3  
  135  11:28  Marine  
  111  11:50  Marine x3  
  111  11:51  Marauder x3, Marine  
  120  11:57  Widow Mine x2  
  120  11:58  Medivac x2  
  128  12:08  Barracks  
  128  12:09  Barracks  
  128  12:10  Liberator  
  128  12:11  Liberator  
  128  12:13  Marine x4  
  124  12:25  Widow Mine  
  124  12:26  Widow Mine, Refinery  
  124  12:28  Refinery  
  134  12:31  Supply Depot x2  
  134  12:38  Marine x2  
  134  12:39  Marine x2  
  134  12:40  Marauder x2  
  134  12:42  Marauder  
  142  13:01  Marine x2  
  142  13:02  Starport, Barracks Tech Lab, Barracks Reactor, Marine x2  
  146  13:05  Terran Infantry Weapons Level 3  
  146  13:08  Engineering Bay  
  146  13:17  Command Center  
  146  13:23  Marine x4  
  150  13:27  Viking  
  150  13:28  Viking  
  154  13:34  Terran Infantry Armor Level 2  
  154  13:41  Viking  
  156  13:52  SCV x3  
  158  14:00  Viking x2  
  159  14:04  Viking  
  159  14:07  Marine  
  159  14:08  Marine x5  
  108  14:36  SCV x3  
  94  14:40  Marine x6  
  94  14:43  Marauder  
  102  14:47  Marauder  
  102  14:49  Marauder  
  106  15:00  Marine x6  
  106  15:02  Marine  
  113  15:13  Marauder x3  
  119  15:20  Orbital Command  
  108  15:30  Marine x6  
  108  15:32  Viking x3  
  108  15:34  Viking  
  112  15:46  SCV x3  
  115  16:02  Viking  
  115  16:03  Marine x5  
  115  16:04  Marine  
  123  16:06  Marauder x4  
  125  16:24  Marine x6  
  109  16:27  Marine  
  109  16:32  Marauder x3  
  99  16:41  Orbital Command  
  99  16:45  Marauder  
Tags
 
Add a new tag
Caveats
  • Supply blocks, unpowered buildings, or Contaminate may cause inaccurate times.
  • Supply counts are checked every 10 seconds.